 Dungeon Crawl Stone Soup version 0.24-a0-762-gca426f56c8 (webtiles) character file.

Game seed: 3538492323005906401, levelgen mode: deterministic

2375246 Engwar the Hoplite (level 27, 204/293 HPs)
             Began as a Demonspawn Berserker on Oct 1, 2019.
             Was the Champion of Trog.
             Escaped with the Orb
             ... and 4 runes on Oct 3, 2019!
             The game lasted 05:34:21 (70150 turns).

Engwar the Hoplite (Demonspawn Berserker)          Turns: 70150, Time: 05:34:21

Health: 204/293    AC: 44    Str: 15    XL:     27
Magic:  32/32      EV: 30    Int: 20    God:    Trog [******]
Gold:   5997       SH: 33    Dex: 22    Spells: 31/31 levels left

rFire    + . .     SeeInvis .   Z - +5 demon whip of a treasure trove {drain, rPois rC++}
rCold    + + +     Gourm    .   L - +8 large shield of Shielding {rCorr Str-4 Dex+4}
rNeg     + + .     Faith    .   X - +10 crystal plate armour
rPois    +         Spirit   .   (helmet unavailable)
rElec    +         Reflect  .   D - +0 cloak {rF+}
rCorr    +         Harm     .   A - +2 pair of gloves of the Morning {Dex+2}
MR       +++++     Clarity  +   C - +0 pair of boots
Stlth    ..........             Y - macabre finger necklace {rN+}
HPRegen  1.58/turn              V - ring of Nioreahu {rElec EV+6}
MPRegen  0.23/turn              g - ring "Kownaf Oreu" {rC+ EV+6 Int+5 Stlth+}
                                a - ring of Caoquask {rPois rN+ MR+ Str-5 Int+3}

@: regenerating
A: beak, horns 3, clarity, foul stench 2, mutation resistance 1, powered by pain
3, robust 3, wild magic 3, rot immunity, MP-powered wands, sturdy frame 3
0: Orb of Zot
}: 4/15 runes: serpentine, barnacled, slimy, silver
a: Berserk, Trog's Hand, Brothers in Arms, Renounce Religion


You escaped.
You worshipped Trog.
Trog was exalted by your worship.
You were not hungry.

You visited 10 branches of the dungeon, and saw 54 of its levels.
You visited the Abyss 1 time.
You visited 1 bazaar.
You also visited: Bailey, Volcano and Wizlab.

You collected 10754 gold pieces.
You spent 4757 gold pieces at shops.

Inventory:

Hand Weapons
 O - a +9 demon whip of draining
 Z - the +5 demon whip of a treasure trove (weapon) {drain, rPois rC++}
   (You found it on level 1 of the Depths)

   A truly terrible weapon, it drains the life of those it strikes.
   It greatly protects you from cold.
   It protects you from poison.
Missiles
 n - 38 silver javelins
 I - 54 javelins (quivered)
Armour
 s - +1 fire dragon scales
 A - the +2 pair of gloves of the Morning (worn) {Dex+2}
   (You found it on level 4 of the Shoals)

   It affects your dexterity (+2).
 C - a +0 pair of boots (worn)
 D - a +0 cloak of fire resistance (worn)
 L - the +8 large shield of Shielding (worn) {rCorr Str-4 Dex+4}
   (You found it in a bailey)

   It affects your strength (-4).
   It affects your dexterity (+4).
   It provides partial protection from all sources of acid and corrosion.
 X - a +10 crystal plate armour (worn)
Jewellery
 a - the ring of Caoquask (on amulet) {rPois rN+ MR+ Str-5 Int+3}
   (You took it off a purple draconian on level 5 of the Depths)

   [ring of protection from magic]

   It affects your strength (-5).
   It affects your intelligence (+3).
   It protects you from poison.
   It protects you from negative energy.
   It affects your resistance to hostile enchantments.
 d - the ring "Isumify" {+Fly rC++ rN+ Dex+5}
   (You bought it in a shop in a bazaar)

   [ring of positive energy]

   It affects your dexterity (+5).
   It greatly protects you from cold.
   It protects you from negative energy.
   It lets you fly.
 e - the ring "Zeutza" {rElec rPois rF+ Int+4}
   (You took it off a deep elf mage on level 5 of the Vaults)

   [ring of poison resistance]

   It affects your intelligence (+4).
   It protects you from fire.
   It insulates you from electricity.
   It protects you from poison.
 g - the ring "Kownaf Oreu" (right hand) {rC+ EV+6 Int+5 Stlth+}
   (You found it on level 1 of the Lair of Beasts)

   [ring of evasion]

   It affects your evasion (+6).
   It affects your intelligence (+5).
   It protects you from cold.
   It makes you more stealthy.
 p - an uncursed ring of see invisible
 V - the ring of Nioreahu (left hand) {rElec EV+6}
   (You found it on level 1 of the Depths)

   [ring of evasion]

   It affects your evasion (+6).
   It insulates you from electricity.
 Y - the macabre finger necklace (around neck) {rN+}
   (You bought it in a shop in a bazaar)

   [amulet of nothing]

   It protects you from negative energy.
Wands
 j - a wand of iceblast (20)
 w - a wand of digging (23)
 H - a wand of acid (47)
 K - a wand of scattershot (19)
Scrolls
 h - 25 scrolls of identify
 i - 35 scrolls of remove curse
 l - 29 scrolls of teleportation
 m - 5 scrolls of blinking
 u - a scroll of torment
 x - a scroll of enchant armour
 y - 2 scrolls of enchant weapon
 G - 2 scrolls of brand weapon
 P - a scroll of silence
 Q - 3 scrolls of magic mapping
 T - 5 scrolls of fog
Potions
 b - 17 potions of curing
 k - 4 potions of mutation
 o - 4 potions of resistance
 q - 9 potions of might
 r - 6 potions of agility
 t - a potion of invisibility
 v - 3 potions of magic
 z - 7 potions of haste
 B - 7 potions of heal wounds
 J - 9 potions of flight
 R - 2 potions of cancellation
Miscellaneous
 f - 3 sacks of spiders
 F - 2 boxes of beasts
Comestibles
 c - 72 rations


   Skills:
 + Level 20.4 Fighting
 - Level 14.0 Maces & Flails
 - Level 10.0 Throwing
 - Level 20.0 Armour
 - Level 20.0 Dodging
 - Level 25.0 Shields
 - Level 2.5 Spellcasting
 - Level 12.0 Evocations


You had 31 spell levels left.
You didn't know any spells.
Your spell library contained the following spells:

 Spells                   Type           Power        Failure   Level  Hunger
 Animate Skeleton         Necr           N/A          95%         1    None
 Apportation              Tloc           #.....       95%         1    None
 Beastly Appendage        Tmut           #.....       95%         1    None
 Confusing Touch          Hex            #.....       95%         1    None
 Corona                   Hex            #......      95%         1    None
 Flame Tongue             Conj/Fire      #....        95%         1    None
 Magic Dart               Conj           #...         95%         1    None
 Pain                     Necr           #...         95%         1    None
 Shock                    Conj/Air       #...         95%         1    None
 Sting                    Conj/Pois      #...         95%         1    None
 Summon Small Mammal      Summ           #...         95%         1    None
 Blink                    Tloc           N/A          98%         2    ##.....
 Call Imp                 Summ           #.......     98%         2    ##.....
 Corpse Rot               Necr           N/A          98%         2    ##.....
 Poisonous Vapours        Pois/Air       #.....       98%         2    ##.....
 Shroud of Golubria       Chrm/Tloc      #.....       98%         2    ##.....
 Slow                     Hex            #.......     98%         2    ##.....
 Sticks to Snakes         Tmut           #.......     98%         2    ##.....
 Swiftness                Chrm/Air       #.......     98%         2    ##.....
 Throw Flame              Conj/Fire      #.....       98%         2    ##.....
 Call Canine Familiar     Summ           #.......     100%        3    ###....
 Conjure Flame            Conj/Fire      #.......     100%        3    ###....
 Gell's Gravitas          Tloc           #.........   100%        3    ###....
 Ignite Poison            Fire/Tmut/Pois #.......     100%        3    ###....
 Inner Flame              Hex/Fire       #.......     100%        3    ###....
 Lesser Beckoning         Tloc           #.........   100%        3    ###....
 Mephitic Cloud           Conj/Pois/Air  #.......     100%        3    ###....
 Portal Projectile        Hex/Tloc       #.....       100%        3    ###....
 Recall                   Summ/Tloc      N/A          100%        3    ###....
 Regeneration             Chrm/Necr      #.........   100%        3    ###....
 Spider Form              Tmut/Pois      #.........   100%        3    ###....
 Static Discharge         Conj/Air       #.......     100%        3    ###....
 Stone Arrow              Conj/Erth      #.....       100%        3    ###....
 Summon Guardian Golem    Hex/Summ       #.......     100%        3    ###....
 Teleport Other           Tloc           #.......     100%        3    ###....
 Vampiric Draining        Necr           #.........   100%        3    ###....
 Airstrike                Air            #.........   100%        4    ####...
 Animate Dead             Necr           N/A          100%        4    ####...
 Cause Fear               Hex            #.........   100%        4    ####...
 Force Lance              Conj/Tloc      #.......     100%        4    ####...
 Ice Form                 Ice/Tmut       #.......     100%        4    ####...
 Leda's Liquefaction      Hex/Erth       #.........   100%        4    ####...
 Olgreb's Toxic Radiance  Pois           #.......     100%        4    ####...
 Petrify                  Tmut/Erth      #.......     100%        4    ####...
 Sticky Flame             Conj/Fire      #.......     100%        4    ####...
 Summon Ice Beast         Ice/Summ       #.......     100%        4    ####...
 Summon Lightning Spire   Summ/Air       #.......     100%        4    ####...
 Blade Hands              Tmut           #.........   100%        5    ######.
 Bolt of Magma            Conj/Fire/Erth #.........   100%        5    ######.
 Borgnjor's Vile Clutch   Necr/Erth      #.........   100%        5    ######.
 Fireball                 Conj/Fire      #.........   100%        5    ######.
 Irradiate                Conj/Tmut      #.........   100%        5    ######.
 Lightning Bolt           Conj/Air       #.........   100%        5    ######.
 Metabolic Englaciation   Hex/Ice        #.........   100%        5    ######.
 Silence                  Hex/Air        #.........   100%        5    ######.
 Summon Forest            Summ/Tloc      #.........   100%        5    ######.
 Venom Bolt               Conj/Pois      #.........   100%        5    ######.
 Yara's Violent Unravell  Hex/Tmut       #.........   100%        5    ######.
 Bolt of Cold             Conj/Ice       #.........   100%        6    #######
 Conjure Ball Lightning   Conj/Air       #.........   100%        6    #######
 Death Channel            Necr           #.........   100%        6    #######
 Deflect Missiles         Chrm/Air       #.........   100%        6    #######
 Dispersal                Tloc           #.........   100%        6    #######
 Freezing Cloud           Conj/Ice/Air   #.........   100%        6    #######
 Hydra Form               Tmut           #.........   100%        6    #######
 Iron Shot                Conj/Erth      #.........   100%        6    #######
 Ozocubu's Refrigeration  Ice            #.........   100%        6    #######
 Simulacrum               Ice/Necr       #.........   100%        6    #######
 Statue Form              Tmut/Erth      #........    100%        6    #######
 Dragon Form              Tmut           #.........   100%        7    #######
 Malign Gateway           Summ/Tloc      #.........   100%        7    #######
 Monstrous Menagerie      Summ           #.........   100%        7    #######
 Ring of Flames           Chrm/Fire      #.........   100%        7    #######
 Spellforged Servitor     Conj/Summ      #.........   100%        7    #######
 Summon Greater Demon     Summ           #.........   100%        7    #######
 Summon Hydra             Summ           #.........   100%        7    #######
 Controlled Blink         Tloc           N/A          100%        8    #######
 Discord                  Hex            #.........   100%        8    #######
 Disjunction              Tloc           #.........   100%        8    #######
 Ignition                 Fire           #.........   100%        8    #######
 Summon Horrible Things   Summ           #.........   100%        8    #######
 Shatter                  Erth           #.........   100%        9    #######
 Tornado                  Air            #.........   100%        9    #######
 Passage of Golubria      Tloc           Unusable     N/A         4    N/A

Dungeon Overview and Level Annotations

Branches:
Dungeon (15/15)            Temple (0/1) D:5            Lair (6/6) D:10
 Shoals (4/4) Lair:3        Snake (4/4) Lair:2        Slime (5/5) Lair:6
    Orc (2/2) D:9             Elf (3/3) Orc:2        Vaults (5/5) D:14
  Crypt (0/3) Vaults:2     Depths (5/5) D:15            Zot (5/5) Depths:5
 Bailey (visited)         Volcano (visited)          WizLab (visited)

Altars:
Cheibriados
Gozag
Kikubaaqudgha
Makhleb
Okawaru
Sif Muna
Trog
Vehumet
Wu Jian
Yredelemnul
The Shining One
Beogh
Jiyva

Shops:
D:5 [   D:14 *   Orc:2 ([([%   Elf:3 !(   Snake:1 %*   Vaults:1 (%[%*
Vaults:4 :   Zot:5 *   Depths:2 *([   Depths:3 *

Portals:
Hell: Depths:1 Depths:2 Depths:3 Depths:4 Depths:5
Abyss: Depths:4
Pandemonium: Depths:3
Ziggurat: Depths:5
Trove: Elf:3 (lose all piety)

Annotations:
D:2 Sigmund
D:8 exclusion: oklob plant
Lair:6 exclusion: oklob plant
Elf:2 1 exclusion
Depths:2 1 runed translucent door
Depths:3 1 runed translucent door


Innate Abilities, Weirdness & Mutations

You have a pair of large horns on your head.
You frequently emit foul miasma when damaged in melee.
You are powered by pain.
You are extremely robust. (+30% HP)
You are immune to rotting.
Your movements are significantly less encumbered by armour. (ER -6)
You have a beak for a mouth.
You possess an exceptional clarity of mind.
You are somewhat resistant to further mutation.
Your spells are much harder to cast, but much more powerful.
You expend magic power (3 MP) to strengthen your wands.


Message History

You feel the Orb delaying your translocation!
Ehuwkeoll completely misses you.
You miss Ehuwkeoll. Ehuwkeoll hits you but does no damage.
You blink.
You block Ehuwkeoll's attack.
As you read the scroll of teleportation, it crumbles to dust.
You feel strangely stable. Ehuwkeoll hits you!
You feel strangely unstable.
You feel the Orb delaying your translocation!
Ehuwkeoll hits you but does no damage. Space bends around you.
Ehuwkeoll hits you but does no damage. Space bends around you.
You block Ehuwkeoll's attack. You block Ehuwkeoll's attack.
Your surroundings suddenly seem different.
You see here 22 bolts.
You open the large door.
There is a large open door here.
There is a large open door here.
Ehuwkeoll barks, "Back with thee before doom catcheth thee!"
There is a fountain of clear blue water here.
There is a staircase leading out of the dungeon here.
You have escaped!

#..........# ###)###.##
#.........## ##...# #..#
#.........## #####..### ##.#
#..........######.....## #.#
#...........##....#...# #.##
##.........#.........#.# #.##
#..........##..#'#..##.# #...
#...........####⌠####..#
####..
..######.)8..''⌠@⌠''..8#
#....# .## #.#..####⌠####..##
#.##.# .#
####.#.##..#&#..##(.# #.##..
## #....#.#.........#..#
#.#### # #.####..............#
#># #
#####.####.##...........# #.#
# .......##..##.........))##
#.# #
#####.....###.####.####..###.#
# #.###.# #.>.##.# ##.##..# #


You could see Ehuwkeoll.

Vanquished Creatures
  the Royal Jelly (Slime:5)
  3 orbs of fire
  2 juggernauts
  3 ancient liches
  5 Killer Klowns (Zot:5)
  Margery (Vaults:5)
  Xtahua (Vaults:3)
  Saint Roka (Elf:2)
  3 curse toes
  5 caustic shrikes (Depths:4)
  A profane servitor (D:15)
  11 golden dragons
  4 liches
  3 electric golems
  28 Orb Guardians
  21 tentacled monstrosities
  9 titans
  2 deep elf blademasters (Elf:3)
  3 quicksilver dragons
  24 acid blobs
  2 deep elf master archers (Elf:3)
  5 sphinxes
  A kraken (Shoals:4)
  Kirke (D:12)
  14 storm dragons
  6 death cobs
  An Executioner (Depths:3)
  10 tengu reavers
  Donald (Vaults:4)
  10 azure jellies
  Roxanne (Snake:1)
  8 shadow dragons
  9 draconian monks
  An azure jelly (shapeshifter) (Vaults:5)
  13 fire giants
  The ghost of Giow the Fighter, a journeyman HONe of Trog (D:14)
  6 frost giants
  14 nagarajas
  An orc warlord (Orc:2)
  5 draconian knights
  3 deep elf sorcerers
  Louise (Elf:2)
  3 draconian scorchers
  An iron dragon (D:14)
  2 draconian shifters
  Aizul (Elf:1)
  A cacodemon (Depths:3)
  9 vault wardens
  4 deep elf elementalists
  A reaper (Depths:3)
  3 draconian stormcallers
  An angel (D:11)
  A spriggan defender (Depths:4)
  3 draconian annihilators
  27 very ugly things
  17 ironheart preservers
  18 stone giants
  2 entropy weavers
  A war gargoyle (D:14)
  2 vampire knights (Depths:3)
  9 green draconians
  15 white draconians
  10 deep elf demonologists
  11 purple draconians
  13 red draconians
  10 black draconians
  6 dire elephants
  A spark wasp (Depths:1)
  8 deep elf annihilators
  6 yellow draconians
  3 merfolk javelineers (Shoals:4)
  An ettin (shapeshifter) (Vaults:5)
  11 deep elf death magi
  A green death (Depths:3)
  9 merfolk impalers
  5 death oozes
  15 ettins
  13 fire dragons
  30 vault guards
  18 yaktaur captains
  2 fire dragons (shapeshifter)
  4 deep elf high priests
  11 great orbs of eyes
  Harold (D:9)
  5 spriggan air magi
  5 rakshasas
  A juggernaut simulacrum (Depths:2)
  19 anacondas
  13 ice dragons
  Erica (D:10)
  14 naga warriors
  16 hydras
  8 centaur warriors
  3 alligator snapping turtles (Shoals:4)
  A merfolk avatar (Shoals:4)
  5 death knights
  A merfolk aquamancer (Shoals:4)
  A satyr (Shoals:4)
  7 dancing weapons
  12 ogre magi
  17 deep troll shamans
  39 two-headed ogres
  A death yak (Lair:1)
  8 deep troll earth magi
  A vampire mage (Depths:1)
  A tengu warrior (Depths:2)
  7 spriggan berserkers
  A titan zombie (Depths:2)
  26 hell knights
  2 hell hogs (Zot:5)
  6 shock serpents
  4 thrashing horrors (WizLab)
  A small abomination (Elf:3)
  An orc high priest (Orc:2)
  3 sun demons
  6 naga sharpshooters
  14 deep elf knights
  6 iron trolls
  6 salamander mystics
  2 death drakes (Depths:5)
  A shadow wraith (Vaults:4)
  9 naga ritualists
  2 flayed ghosts
  A spark wasp zombie (Depths:2)
  5 glowing orange brains
  38 deep trolls
  A swamp dragon (shapeshifter) (Vaults:2)
  3 sea snakes
  An anaconda skeleton (WizLab)
  7 wizards
  10 lindwurms
  2 obsidian statues
  12 deep elf archers
  8 unseen horrors
  7 phantasmal warriors
  17 orc knights
  36 deep elf magi
  A shadow dragon zombie (Vaults:4)
  4 orc sorcerers
  A golden dragon skeleton (Depths:4)
  12 mana vipers
  16 necromancers
  15 fauns
  2 harpies (Shoals:4)
  20 ironbrand convokers
  34 ugly things
  A mana viper (shapeshifter) (Vaults:5)
  10 manticores
  10 salamanders
  A cyclops (shapeshifter) (Vaults:5)
  6 shining eyes
  A human zombie (Vaults:4)
  22 moths of wrath
  6 wolf spiders
  18 elephants
  5 fire giant skeletons
  2 large abominations (Elf:1)
  7 cyclopes
  A rust devil (Depths:3)
  2 spriggan zombies
  A black mamba (shapeshifter) (Vaults:1)
  A water nymph (shapeshifter) (Depths:2)
  A guardian serpent (shapeshifter) (Vaults:1)
  14 vault sentinels
  3 water nymphs
  Maurice (D:9)
  3 centaur zombies
  3 orange demons (Depths:3)
  25 black mambas
  6 merfolk sirens
  13 guardian serpents
  3 eyes of devastation
  29 naga magi
  2 torpor snails
  6 spiny frogs
  A gargoyle (D:11)
  5 kobold demonologists
  A rime drake (Lair:5)
  2 komodo dragons (shapeshifter)
  42 yaktaurs
  A demonspawn skeleton (WizLab)
  5 komodo dragons
  An ice devil (Depths:3)
  10 freezing wraiths
  2 spiny frogs (shapeshifter)
  An ancient zyme (WizLab)
  An elf skeleton (WizLab)
  A tengu conjurer (Depths:4)
  3 hellwings
  A polar bear (Lair:3)
  5 red devils
  A meliai (shapeshifter) (Vaults:3)
  6 wind drakes
  A wolf spider simulacrum (D:14)
  10 trolls
  A harpy skeleton (D:15)
  A hornet (shapeshifter) (Vaults:1)
  10 merfolk
  A polar bear (shapeshifter) (Vaults:5)
  97 slime creatures
  29 blink frogs
  A tengu simulacrum (Vaults:1)
  7 hornets
  7 hippogriffs
  A raiju (shapeshifter) (D:12)
  7 snapping turtles
  9 dream sheep
  2 blink frogs (shapeshifter)
  Grinder (D:5)
  2 frost giant simulacra
  A dream sheep (shapeshifter) (Vaults:3)
  2 air elementals (Elf:1)
  4 spriggans
  2 tarantellas (shapeshifter) (Depths:1)
  A spriggan skeleton (Depths:2)
  3 redbacks
  57 yaks
  A hog (D:12)
  A tarantella (Vaults:4)
  5 fire elementals
  8 water elementals
  7 wraiths
  A wyvern (shapeshifter) (Vaults:4)
  4 wyverns (D:10)
  Eustachio (D:5)
  14 golden eyes
  A yak (shapeshifter) (Depths:4)
  2 hogs (shapeshifter)
  A neqoxec (Depths:3)
  3 golden eyes (shapeshifter)
  3 basilisks
  A steam dragon (D:13)
  4 vampire mosquitoes (D:14)
  3 hungry ghosts
  Edmund (D:5)
  4 spatial vortices (WizLab)
  2 insubstantial wisps (WizLab)
  14 wargs
  An acid dragon (Vaults:1)
  51 nagas
  16 water moccasins
  8 porcupines
  58 orc warriors
  3 swamp drakes
  8 sky beasts
  A deep troll skeleton (Vaults:4)
  3 ice beasts
  A swamp drake (shapeshifter) (Depths:2)
  A black bear (shapeshifter) (Depths:3)
  3 necrophages
  4 eyes of draining
  3 phantoms
  11 boggarts
  2 ogres (shapeshifter)
  25 wolves
  35 ogres
  27 centaurs
  17 crocodiles
  2 elf zombies (Elf:1)
  A big kobold (D:8)
  4 earth elementals
  15 bullfrogs
  A gnoll sergeant (D:9)
  2 human simulacra (Vaults:2)
  6 scorpions
  3 killer bees (D:7)
  2 howler monkeys
  21 wights
  3 electric eels
  2 bullfrog zombies
  8 crimson imps
  2 quasits
  9 hounds
  12 jellies
  41 orc wizards
  Terence (D:3)
  31 orc priests
  3 bullfrog skeletons
  7 centaur skeletons
  An iguana (D:5)
  4 iron imps
  Ijyb (D:3)
  12 human skeletons (Vaults:2)
  14 worker ants
  2 hell rats (Lair:6)
  A worker ant (shapeshifter) (Vaults:5)
  2 hound zombies (D:6)
  2 hound skeletons
  2 howler monkey skeletons
  A howler monkey zombie (D:7)
  7 gnolls
  7 river rats (Lair:6)
  2 adders
  3 shadow imps
  A white imp (Depths:3)
  2 ufetubi (Depths:3)
  11 oozes (D:8)
  An adder zombie (D:6)
  An adder skeleton (D:9)
  2 dart slugs (D:1)
  150 orcs
  A ball python (D:1)
  A bat skeleton (D:2)
  9 giant cockroaches
  14 goblins
  7 hobgoblins
  12 jackals
  19 kobolds
  4 quokkas
  13 bats
  5 frilled lizards
  A jackal skeleton (D:9)
  A quokka skeleton (D:8)
  9 rats
  4 crawling corpses (Elf:3)
  2 plants (Lair:6)
  A tentacle (Shoals:4)
2500 creatures vanquished.

Vanquished Creatures (collateral kills)
  An ancient lich (Depths:2)
  The ghost of Vacsuiff the Warrior, a veteran DsFi of Okawaru (Depths:2)
  An acid blob (Slime:5)
  A death ooze (Slime:5)
  2 vampire magi (Depths:2)
  An ugly thing (Depths:3)
  A yaktaur (Depths:3)
  2 boggarts (Depths:3)
10 creatures vanquished.

Vanquished Creatures (others)
  An eldritch tentacle (WizLab)
  A shadow dragon (Vaults:5)
  A draconian knight (Zot:2)
  A very ugly thing (Depths:3)
  3 yaktaur captains
  3 centaur warriors
  A satyr (Shoals:2)
  2 naga sharpshooters
  A hell hog (Zot:5)
  2 deep elf knights (Vaults:2)
  An unseen horror (shapeshifter) (Depths:4)
  2 deep elf archers (Vaults:1)
  3 fauns (Shoals:1)
  An ugly thing (Vaults:1)
  A manticore (Shoals:4)
  A merfolk siren (Shoals:2)
  4 yaktaurs
  A wraith (Vaults:5)
  An air elemental (Elf:3)
  6 humans (D:12)
  A yak (D:12)
  A naga (Snake:2)
  7 centaurs
  A crimson imp (D:12)
  An orc wizard (D:12)
  2 orcs
  16 fungi
  17 plants
  2 starspawn tentacles (WizLab)
  15 tentacles (Shoals:4)
100 creatures vanquished.

Grand Total: 2610 creatures vanquished

Notes
Turn   | Place    | Note
-------+----------+-------------------------------------------
     0 | D:1      | Engwar the Demonspawn Berserker began the quest for the
                  | Orb.
     0 | D:1      | Reached XP level 1. HP: 18/18 MP: 1/1
    74 | D:1      | Gained mutation: You sometimes gain a little power by
                  | taking damage. [demonic ancestry]
    74 | D:1      | Reached XP level 2. HP: 15/24 MP: 2/2
   571 | D:1      | Gained mutation: You have a pair of small horns on your
                  | head. [demonic ancestry]
   571 | D:1      | Reached XP level 3. HP: 18/29 MP: 3/3
   629 | D:1      | Reached ** piety under Trog
   715 | D:2      | Noticed a phantom
   859 | D:2      | Found an ancient bone altar of Kikubaaqudgha.
  1028 | D:2      | Killed a phantom
  1028 | D:2      | Reached skill level 5 in Maces & Flails
  1028 | D:2      | Gained mutation: Your movements are slightly less
                  | encumbered by armour. (ER -2) [demonic ancestry]
  1028 | D:2      | Reached XP level 4. HP: 35/35 MP: 4/4
  1095 | D:2      | Found an ornate altar of the Wu Jian Council.
  1095 | D:2      | Found a transporter.
  1113 | D:2      | Found a transporter.
  1125 | D:2      | Reached XP level 5. HP: 41/41 MP: 5/5
  1478 | D:2      | Noticed Sigmund
  1520 | D:3      | HP: 2/41 [orc/+0 flail (2)]
  1525 | D:3      | Found a glowing golden altar of the Shining One.
  1526 | D:3      | HP: 2/41 [orc/+0 mace (5)]
  1540 | D:3      | Noticed Terence
  1562 | D:3      | Killed Terence
  1562 | D:3      | Gained mutation: Your movements are less encumbered by
                  | armour. (ER -4) [demonic ancestry]
  1562 | D:3      | Reached XP level 6. HP: 24/47 MP: 0/6
  1735 | D:3      | Noticed Ijyb
  1791 | D:3      | Killed Ijyb
  1953 | D:3      | Reached *** piety under Trog
  2232 | D:3      | Reached XP level 7. HP: 52/52 MP: 4/7
  3029 | D:4      | Found a radiant altar of Vehumet.
  3123 | D:5      | Entered Level 5 of the Dungeon
  3123 | D:5      | Noticed Eustachio
  3129 | D:5      | Killed Eustachio
  3516 | D:5      | Found Lomawakh's Antique Armour Emporium.
  3548 | D:5      | Bought a steaming scale mail for 216 gold pieces
  3558 | D:5      | Identified the cursed +0 scale mail "Voinukki" {rPois
                  | rCorr} (You bought it in a shop on level 5 of the Dungeon)
  3604 | D:5      | Reached XP level 8. HP: 55/58 MP: 8/8
  3714 | D:5      | Found a staircase to the Ecumenical Temple.
  3771 | D:5      | Noticed Grinder
  3788 | D:5      | Killed Grinder
  3856 | D:5      | Noticed Edmund
  3865 | D:5      | Killed Edmund
  3865 | D:5      | Reached skill level 10 in Maces & Flails
  4091 | D:6      | Found a bloodstained altar of Trog.
  4149 | D:6      | Upgraded the game from 0.24-a0-725-gf1a930fc54 to
                  | 0.24-a0-736-g4e6fe308c7
  4217 | D:6      | Found a shimmering blue altar of Sif Muna.
  4302 | D:6      | Reached XP level 9. HP: 47/60 MP: 6/9
  4722 | D:7      | Reached **** piety under Trog
  4990 | D:7      | Found a basalt altar of Yredelemnul.
  5001 | D:7      | Found a snail-covered altar of Cheibriados.
  5217 | D:7      | Reached skill level 1 in Shields
  5418 | D:7      | Reached skill level 2 in Shields
  5818 | D:8      | Found an opulent altar of Gozag.
  5878 | D:8      | Reached skill level 3 in Shields
  6021 | D:8      | Found an iron altar of Okawaru.
  6204 | D:8      | Reached skill level 4 in Shields
  6428 | D:8      | Reached ***** piety under Trog
  6590 | D:8      | Noticed an oklob plant
  6737 | D:9      | Reached skill level 5 in Fighting
  6737 | D:9      | Gained mutation: You sometimes gain power by taking damage.
                  | [demonic ancestry]
  6737 | D:9      | Reached XP level 10. HP: 64/71 MP: 10/10
  7257 | D:9      | Killed an unseen horror
  7306 | D:9      | Killed an unseen horror
  7618 | D:9      | Noticed Maurice
  7698 | D:9      | Reached skill level 5 in Armour
  7719 | D:9      | Found a staircase to the Orcish Mines.
  7863 | D:9      | Killed Maurice
  7904 | D:9      | Noticed a two-headed ogre
  7920 | D:9      | Killed a two-headed ogre
  8042 | D:10     | Entered Level 10 of the Dungeon
  8199 | D:10     | Gained mutation: You have a pair of horns on your head.
                  | [demonic ancestry]
  8199 | D:10     | Reached XP level 11. HP: 48/79 MP: 9/11
  8475 | D:10     | Noticed Erica
  8493 | D:10     | Killed Erica
  8639 | D:10     | Noticed a two-headed ogre
  8639 | D:10     | Identified the +6 dagger of Telergh {freeze, +Rage rElec
                  | MR+}
  8663 | D:10     | Killed a two-headed ogre
  8719 | D:10     | Noticed a two-headed ogre
  8747 | D:10     | Killed a two-headed ogre
  8871 | D:10     | Reached skill level 1 in Throwing
  9071 | D:10     | Found a staircase to the Lair.
  9271 | Lair:1   | Entered Level 1 of the Lair of Beasts
  9489 | Lair:1   | Received a gift from Trog
  9625 | Lair:1   | Noticed a six-headed hydra
  9634 | Lair:1   | Killed a six-headed hydra
  9634 | Lair:1   | Reached skill level 5 in Dodging
  9728 | Lair:1   | Got a translucent pewter ring
  9729 | Lair:1   | Identified the ring "Kownaf Oreu" {rC+ EV+6 Int+5 Stlth+}
                  | (You found it on level 1 of the Lair of Beasts)
  9794 | Lair:1   | Reached skill level 1 in Evocations
  9988 | Lair:2   | Noticed a death yak
 10088 | Lair:1   | Killed a death yak
 10154 | Lair:2   | Gained mutation: Your movements are significantly less
                  | encumbered by armour. (ER -6) [demonic ancestry]
 10154 | Lair:2   | Reached XP level 12. HP: 80/86 MP: 13/15
 10157 | Lair:2   | Reached skill level 5 in Evocations
 10245 | Lair:2   | Found a staircase to the Snake Pit.
 10554 | Lair:2   | Noticed a four-headed hydra
 10563 | Lair:2   | Killed a four-headed hydra
 11131 | Lair:3   | Noticed an eight-headed hydra
 11142 | Lair:3   | Killed an eight-headed hydra
 11142 | Lair:3   | Reached skill level 10 in Fighting
 11146 | Lair:3   | Noticed a six-headed hydra
 11192 | Lair:3   | Killed a six-headed hydra
 11230 | Lair:3   | Found a dark tunnel.
 11361 | Volcano  | Entered a volcano
 11479 | Volcano  | Reached ****** piety under Trog
 11537 | Volcano  | Gained mutation: You are immune to rotting. [demonic
                  | ancestry]
 11537 | Volcano  | Reached XP level 13. HP: 35/103 MP: 6/17
 11865 | Lair:3   | Received a gift from Trog
 12202 | Lair:3   | Found a staircase to the Shoals.
 13371 | Lair:5   | Reached skill level 10 in Armour
 13428 | Lair:5   | Received a gift from Trog
 13434 | Lair:5   | Reached skill level 5 in Shields
 13490 | Lair:5   | Reached skill level 6 in Shields
 14070 | Lair:6   | Entered Level 6 of the Lair of Beasts
 14114 | Lair:6   | Reached skill level 7 in Shields
 14149 | Lair:6   | Found a runed translucent door.
 14150 | Lair:6   | Found a viscous altar of Jiyva.
 14150 | Lair:6   | Noticed an acid blob
 14151 | Lair:6   | Noticed an acid blob
 14152 | Lair:6   | Found a staircase to the Slime Pits.
 14152 | Lair:6   | Noticed an acid blob
 14438 | Lair:6   | Reached skill level 8 in Shields
 14573 | Lair:6   | Gained mutation: You are powered by pain. [demonic
                  | ancestry]
 14573 | Lair:6   | Reached XP level 14. HP: 91/110 MP: 14/18
 14957 | Lair:6   | Received a gift from Trog
 15057 | Lair:6   | Reached skill level 9 in Shields
 15516 | Lair:6   | Reached skill level 10 in Shields
 15979 | D:11     | Received a gift from Trog
 16033 | D:11     | Reached skill level 11 in Shields
 16806 | D:12     | Noticed Kirke
 16821 | D:12     | Killed Kirke
 17145 | D:12     | Reached skill level 12 in Shields
 17818 | Orc:1    | Entered Level 1 of the Orcish Mines
 17818 | Orc:1    | Noticed Harold
 17832 | D:9      | Killed Harold
 17835 | D:9      | Received a gift from Trog
 18184 | Orc:1    | Found a roughly hewn altar of Beogh.
 18521 | Orc:2    | Entered Level 2 of the Orcish Mines
 18592 | Orc:2    | Gained mutation: You have a pair of large horns on your
                  | head. [demonic ancestry]
 18592 | Orc:2    | Reached XP level 15. HP: 83/115 MP: 17/19
 18739 | Orc:2    | Found a roughly hewn altar of Beogh.
 18757 | Orc:2    | Found Wikixu's Armour Shoppe.
 18760 | Orc:2    | Found a staircase to the Elven Halls.
 18789 | Orc:2    | Found a roughly hewn altar of Beogh.
 18791 | Orc:2    | Received a gift from Trog
 18795 | Orc:2    | Found Kyurghis's Weapon Shop.
 19207 | Orc:2    | Noticed an orc warlord
 19241 | Orc:2    | Killed an orc warlord
 19334 | Orc:2    | Received a gift from Trog
 19384 | Orc:2    | Found Duzoaqigio's Antique Armour Shop.
 19385 | Orc:2    | Found a roughly hewn altar of Beogh.
 19388 | Orc:2    | Found Ziytz's Antique Weapon Boutique.
 19469 | Orc:2    | Found a roughly hewn altar of Beogh.
 19548 | Orc:2    | Found a roughly hewn altar of Beogh.
 19563 | Orc:2    | Found a roughly hewn altar of Beogh.
 19607 | Orc:2    | Found a roughly hewn altar of Beogh.
 19620 | Orc:2    | Found Risopnih's Food Boutique.
 19894 | D:13     | Found a flagged portal.
 19911 | Bailey   | Entered a bailey
 20152 | Bailey   | Got a crude large shield
 20208 | Bailey   | Identified the +8 large shield of Shielding {rCorr Str-4
                  | Dex+4} (You found it in a bailey)
 20431 | D:13     | Got a translucent scale mail
 20995 | D:13     | Found a glowing golden altar of the Shining One.
 21212 | D:14     | You fall into a shaft and drop 1 floor!
 21212 | D:15     | Entered Level 15 of the Dungeon
 21227 | D:15     | Reached skill level 10 in Dodging
 22009 | D:15     | Found a staircase to the Depths.
 22427 | D:14     | Received a gift from Trog
 22518 | D:14     | Found a runed translucent gate.
 22519 | D:14     | Found a runed translucent gate.
 22519 | D:14     | Found an opulent altar of Gozag.
 22520 | D:14     | Found a runed translucent gate.
 22529 | D:14     | Noticed Giow's ghost (journeyman HONe)
 22529 | D:14     | Noticed an iron dragon
 22531 | D:14     | Found Desiarch's Assorted Antiques.
 22585 | D:14     | Killed Giow's ghost
 22596 | D:14     | Killed an iron dragon
 22807 | D:14     | Bought a scroll of enchant armour for 210 gold pieces
 22955 | D:14     | Identified the cursed +1 scale mail "Ziusaang" {*Contam
                  | rCorr SInv} (You found it on level 13 of the Dungeon)
 23115 | D:14     | Found a gate to the Vaults.
 23234 | D:14     | Received a gift from Trog
 23586 | Snake:1  | Entered Level 1 of the Snake Pit
 23626 | Snake:1  | Identified Roxanne's Guide on Transmigration
 23626 | Snake:1  | Noticed Roxanne
 23676 | Snake:1  | Killed Roxanne
 23751 | Snake:1  | Found Vanelec's Food Boutique.
 23792 | Snake:1  | Gained mutation: You may emit foul miasma when damaged in
                  | melee. [demonic ancestry]
 23792 | Snake:1  | Reached XP level 16. HP: 122/122 MP: 20/20
 23865 | Snake:1  | Found Kidwat's Assorted Antiques.
 23916 | Snake:1  | Received a gift from Trog
 25759 | Snake:2  | Received a gift from Trog
 26344 | Snake:3  | Received a gift from Trog
 26752 | Snake:4  | Entered Level 4 of the Snake Pit
 26789 | Snake:4  | Reached skill level 15 in Armour
 27197 | Snake:4  | Received a gift from Trog
 27374 | Snake:4  | Reached XP level 17. HP: 89/128 MP: 14/23
 27384 | Snake:4  | Reached skill level 13 in Shields
 27965 | Snake:4  | Got a crystal broad axe {god gift}
 27966 | Snake:4  | Identified the +11 broad axe of Mourning {chop, +Rage +Fly
                  | rN+ Str+2} (Trog gifted it to you on level 4 of the Snake
                  | Pit)
 28386 | Snake:4  | Reached skill level 14 in Shields
 28460 | Snake:4  | Received a gift from Trog
 29506 | Snake:4  | Reached skill level 15 in Shields
 29536 | Snake:4  | Reached skill level 1 in Spellcasting
 30828 | Snake:4  | Got a serpentine rune of Zot
 31062 | Shoals:1 | Entered Level 1 of the Shoals
 31185 | Shoals:1 | Received a gift from Trog
 31431 | Shoals:2 | Received a gift from Trog
 31434 | Shoals:2 | Got an iridescent flail {god gift}
 31435 | Shoals:2 | Identified the +5 flail of Gravity {drain, rN+ Int+4} (Trog
                  | gifted it to you on level 2 of the Shoals)
 31613 | Shoals:2 | Reached XP level 18. HP: 140/140 MP: 24/24
 32076 | Shoals:4 | Entered Level 4 of the Shoals
 32189 | Shoals:4 | Got a pair of warped gloves
 32194 | Shoals:4 | Identified the +2 pair of gloves of the Morning {Dex+2}
                  | (You found it on level 4 of the Shoals)
 33097 | Shoals:4 | Received a gift from Trog
 33270 | Shoals:4 | Got a barnacled rune of Zot
 33616 | Vaults:1 | Entered Level 1 of the Vaults
 33628 | Vaults:1 | Found Fetaciwk's Weapon Shoppe.
 33697 | Vaults:1 | Found Awirenyh's Food Shop.
 33866 | Vaults:1 | Reached skill level 15 in Fighting
 33982 | Vaults:1 | Found Inausas's Food Shoppe.
 34046 | Vaults:1 | Found Dokoagoa's Assorted Antiques.
 34116 | Vaults:1 | Received a gift from Trog
 34856 | Vaults:1 | Reached skill level 10 in Evocations
 35011 | Vaults:1 | Found Kuebelop's Armour Boutique.
 35014 | Vaults:1 | Identified a scroll of acquirement
 35015 | Vaults:1 | Got a bound zirconium amulet
 35016 | Vaults:1 | Identified the amulet of the Hidden Shrikes {RegenMP rF-
                  | rC++ rN+ Dex+2} (You acquired it on level 1 of the Vaults)
 35342 | Vaults:2 | Received a gift from Trog
 35515 | Vaults:2 | Reached XP level 19. HP: 155/155 MP: 27/27
 35587 | Vaults:2 | Received a gift from Trog
 36006 | Vaults:2 | Received a gift from Trog
 36063 | Vaults:2 | Received a gift from Trog
 36766 | Vaults:2 | Found a staircase to the Crypt.
 36766 | Vaults:2 | Found a basalt altar of Yredelemnul.
 36767 | Vaults:2 | Found an ancient bone altar of Kikubaaqudgha.
 37176 | Vaults:2 | Reached skill level 16 in Shields
 37438 | Vaults:3 | Received a gift from Trog
 37491 | Vaults:3 | Found a flickering gateway to a bazaar.
 37508 | Bazaar   | Entered a bazaar
 37512 | Bazaar   | Found Ustudona's General Store.
 37530 | Bazaar   | Found Gyuxzite's Jewellery Emporium.
 37535 | Bazaar   | Bought the macabre finger necklace {rN+} for 560 gold
                  | pieces
 37535 | Bazaar   | Found the macabre finger necklace {rN+}
 37535 | Bazaar   | Bought the ring "Isumify" {+Fly rC++ rN+ Dex+5} for 799
                  | gold pieces
 37554 | Bazaar   | Found Xioc's General Store.
 37571 | Bazaar   | Found Xesteh's Weapon Shoppe.
 37683 | Vaults:3 | Noticed Xtahua
 37698 | Vaults:3 | Killed Xtahua
 37735 | Vaults:3 | Identified the +3 mace "Fyvex" {protect, *Contam rElec
                  | rPois}
 37912 | Vaults:3 | Received a gift from Trog
 37929 | Vaults:3 | Reached skill level 17 in Shields
 38362 | Vaults:3 | Reached XP level 20. HP: 162/162 MP: 29/29
 38767 | Vaults:4 | Received a gift from Trog
 38834 | Vaults:3 | Cast into level 3 of the Abyss (a deep elf sorcerer)
 38834 | Temple   | Entered the Ecumenical Temple
 38881 | Vaults:3 | Escaped the Abyss
 38911 | Vaults:4 | Reached skill level 18 in Shields
 39108 | Vaults:4 | Noticed Donald
 39120 | Vaults:4 | Killed Donald
 39368 | Vaults:4 | Paralysed by a lich for 4 turns
 39458 | Vaults:4 | Found Udghyb's Book Shop.
 39812 | Vaults:4 | Received a gift from Trog
 39911 | Vaults:4 | Reached skill level 19 in Shields
 40331 | Vaults:4 | Received a gift from Trog
 41022 | Elf:1    | Entered Level 1 of the Elven Halls
 41023 | Elf:1    | Noticed Aizul
 41040 | Elf:1    | Killed Aizul
 41361 | Elf:1    | Identified the Compendium of Darkness
 41539 | Elf:2    | Noticed Saint Roka
 41589 | Elf:2    | Killed Saint Roka
 41629 | Elf:2    | Noticed Louise
 41683 | Elf:2    | Killed Louise
 41710 | Elf:2    | Received a gift from Trog
 41710 | Elf:2    | Reached skill level 20 in Shields
 41791 | Elf:2    | Received a gift from Trog
 41916 | Elf:2    | Reached XP level 21. HP: 136/168 MP: 24/30
 42060 | Elf:3    | Entered Level 3 of the Elven Halls
 42083 | Elf:3    | Found a portal to a secret trove of treasure.
 42105 | Elf:3    | Found Habruf's Antique Weapon Shop.
 42384 | Elf:3    | Found a magical portal.
 42393 | WizLab   | Found a transporter.
 42400 | WizLab   | Found a corrupted altar of Lugonu.
 42420 | WizLab   | Found a transporter.
 42425 | WizLab   | Found a corrupted altar of Lugonu.
 42477 | WizLab   | Found a transporter.
 42486 | WizLab   | Received a gift from Trog
 42496 | WizLab   | Found a transporter.
 42507 | WizLab   | Found a transporter.
 42546 | WizLab   | Found a transporter.
 42601 | WizLab   | Found a transporter.
 42601 | WizLab   | Found a transporter.
 42694 | WizLab   | Found a transporter.
 42773 | WizLab   | Found a transporter.
 42820 | WizLab   | Found a transporter.
 42820 | WizLab   | Found a transporter.
 42902 | WizLab   | Found the +1 cloak of Starlight {rElec rC+ EV+4 Stlth--}
 42913 | WizLab   | Found a transporter.
 42957 | WizLab   | Identified Golubria's Grimoire of the Voyage
 42966 | WizLab   | Got a faintly humming cloak
 42980 | WizLab   | Got a dazzling cloak
 42991 | WizLab   | Found a transporter.
 43045 | WizLab   | Found a transporter.
 43045 | WizLab   | Found a transporter.
 43079 | WizLab   | Identified the Almanac of Displacement
 43089 | WizLab   | Found a transporter.
 43152 | Elf:3    | Identified the +0 cloak of Siuhoh {Str+2} (You found it in
                  | a wizard's laboratory)
 43154 | Elf:3    | Identified the +1 cloak of the Leaf {Dex+3} (You found it
                  | in a wizard's laboratory)
 43179 | Elf:3    | Found Fezuj's Distillery.
 43951 | Elf:3    | Received a gift from Trog
 44169 | Elf:3    | Identified the +6 shield "Koiriap" {+Inv rElec rF+ Dex-5}
 44250 | Elf:3    | Identified the cursed +1 battleaxe "Cunoim" {holy, Str-2
                  | Int+10 Dex+6 Stlth-}
 44268 | Elf:3    | Identified the +6 leather armour of Ashenzari's Scorn
                  | {*Drain +Blink rPois rC+}
 44352 | Elf:3    | Identified Ceevyzil's Collected Works on Gliding Attacks
 44369 | Elf:3    | Identified the Incunabulum of Ensnaring Combat Magic
 44908 | Depths:1 | Entered Level 1 of the Depths
 45182 | Depths:1 | Received a gift from Trog
 45809 | Depths:1 | Gained mutation: You are robust. (+10% HP) [demonic
                  | ancestry]
 45809 | Depths:1 | Reached XP level 22. HP: 130/205 MP: 25/31
 46135 | Depths:1 | Got a sparkling pewter ring
 46194 | Depths:1 | Got an iridescent demon whip
 46195 | Depths:1 | Identified the +5 demon whip of a treasure trove {drain,
                  | rPois rC++} (You found it on level 1 of the Depths)
 46198 | Depths:1 | Identified the ring of Nioreahu {rElec EV+6} (You found it
                  | on level 1 of the Depths)
 46421 | Depths:1 | Found a gateway to Hell.
 46748 | Depths:2 | Received a gift from Trog
 46782 | Depths:2 | Found an opulent altar of Gozag.
 46782 | Depths:2 | Noticed a golden dragon
 46783 | Depths:2 | Found Gozag's Antique Armour Emporium.
 46783 | Depths:2 | Found Gozag's Assorted Antiques.
 46790 | Depths:2 | Killed a golden dragon
 46856 | Depths:2 | Found Gozag's Antique Weapon Shoppe.
 47324 | Depths:2 | Received a gift from Trog
 47346 | Depths:2 | Bought a warped plate armour for 2800 gold pieces
 47346 | Depths:2 | Identified the +0 plate armour "Wucwasch" {rPois Dex+7}
                  | (You bought it in a shop on level 2 of the Depths)
 47466 | Depths:2 | Received a gift from Trog
 47664 | Depths:2 | Noticed Vacsuiff's ghost (veteran DsFi)
 47665 | Depths:2 | Noticed an ancient lich
 47795 | Depths:2 | Found a runed translucent door.
 47804 | Depths:2 | Found a runed translucent door.
 47938 | Depths:2 | Killed Vacsuiff's ghost
 47944 | Depths:2 | Killed an ancient lich
 48439 | Depths:3 | Received a gift from Trog
 48624 | Depths:3 | Found a burning altar of Makhleb.
 48638 | Depths:3 | Identified the Guide on Damaging Transmigration
 48671 | Depths:3 | Found a runed translucent door.
 48672 | Depths:3 | Found a runed translucent door.
 48672 | Depths:3 | You fall into a shaft and drop 1 floor!
 48716 | Depths:4 | Noticed a golden dragon
 48725 | Depths:4 | Killed a golden dragon
 48798 | Depths:4 | Noticed a golden dragon
 48835 | Depths:4 | Killed a golden dragon
 48885 | Depths:4 | Noticed a juggernaut
 48901 | Depths:4 | Killed a juggernaut
 49001 | Depths:4 | Gained mutation: You are very robust. (+20% HP) [demonic
                  | ancestry]
 49001 | Depths:4 | Reached XP level 23. HP: 196/235 MP: 32/32
 49482 | Depths:4 | Received a gift from Trog
 49543 | Depths:3 | Paralysed by a floating eye for 3 turns
 49757 | Depths:3 | Reached skill level 15 in Dodging
 50190 | Depths:3 | Gained mutation: You have sharp toenails. [a cacodemon]
 50195 | Depths:3 | Gained mutation: You are dopey. (Int -2) [a cacodemon]
 50340 | Depths:3 | Received a gift from Trog
 50434 | Depths:3 | Found Yviasch's General Store.
 50437 | Depths:3 | Bought a scroll of enchant armour for 172 gold pieces
 50632 | Depths:3 | Received a gift from Trog
 50704 | Depths:3 | Found a one-way gate leading to the halls of Pandemonium.
 50706 | Depths:3 | Gained mutation: Your body sometimes deteriorates upon
                  | taking damage. [a neqoxec]
 51011 | Depths:4 | Received a gift from Trog
 51050 | Depths:4 | Found a one-way gate to the infinite horrors of the Abyss.
 51525 | Depths:5 | Entered Level 5 of the Depths
 51611 | Depths:5 | Noticed a caustic shrike
 51613 | Depths:5 | Noticed a caustic shrike
 51613 | Depths:5 | Noticed a caustic shrike
 51614 | Depths:5 | Noticed a caustic shrike
 51616 | Depths:5 | Noticed a caustic shrike
 51640 | Depths:4 | Killed a caustic shrike
 51652 | Depths:4 | Killed a caustic shrike
 51652 | Depths:4 | Reached skill level 5 in Throwing
 51670 | Depths:4 | Killed a caustic shrike
 51723 | Depths:4 | Killed a caustic shrike
 51745 | Depths:4 | Killed a caustic shrike
 52216 | Depths:5 | Found a gateway to a ziggurat.
 52285 | Depths:5 | Gained mutation: You are extremely robust. (+30% HP)
                  | [demonic ancestry]
 52285 | Depths:5 | Reached XP level 24. HP: 203/265 MP: 32/32
 52738 | Depths:5 | Received a gift from Trog
 53050 | Depths:5 | Reached skill level 10 in Throwing
 53358 | Depths:5 | Noticed a juggernaut
 53376 | Depths:5 | Killed a juggernaut
 53421 | Depths:5 | Identified the ring of Caoquask {rPois rN+ MR+ Str-5 Int+3}
 53721 | Depths:5 | Found a gate to the Realm of Zot.
 54229 | Slime:1  | Entered Level 1 of the Pits of Slime
 54776 | Slime:2  | Gained mutation: You are very dopey. (Int -4) [a shining
                  | eye]
 54818 | Slime:1  | Received a gift from Trog
 54921 | Slime:1  | Reached skill level 21 in Shields
 55486 | Slime:3  | Received a gift from Trog
 55661 | Slime:4  | Gained mutation: You are weak. (Str -2) [a shining eye]
 55682 | Slime:5  | Entered Level 5 of the Pits of Slime
 55694 | Slime:5  | Gained mutation: Your body often deteriorates upon taking
                  | damage. [a shining eye]
 55734 | Slime:4  | Received a gift from Trog
 55807 | Slime:5  | Gained mutation: You are clumsy. (Dex -2) [a shining eye]
 55949 | Slime:4  | Gained mutation: Armour fits poorly on your strangely
                  | shaped body. [a shining eye]
 55955 | Slime:4  | Lost mutation: Your body often deteriorates upon taking
                  | damage. [potion of mutation]
 55955 | Slime:4  | Lost mutation: You are clumsy. (Dex -2) [potion of
                  | mutation]
 55955 | Slime:4  | Lost mutation: Your body sometimes deteriorates upon taking
                  | damage. [potion of mutation]
 55955 | Slime:4  | Lost mutation: You are weak. (Str -2) [potion of mutation]
 55955 | Slime:4  | Gained mutation: Scrolls take you a little longer to read.
                  | [potion of mutation]
 55955 | Slime:4  | Gained mutation: You have a beak for a mouth. [potion of
                  | mutation]
 55956 | Slime:4  | Lost mutation: You have sharp toenails. [potion of
                  | mutation]
 55956 | Slime:4  | Lost mutation: Armour fits poorly on your strangely shaped
                  | body. [potion of mutation]
 55956 | Slime:4  | Lost mutation: You are very dopey. (Int -4) [potion of
                  | mutation]
 55956 | Slime:4  | Lost mutation: Scrolls take you a little longer to read.
                  | [potion of mutation]
 55956 | Slime:4  | Gained mutation: You expend magic power (3 MP) to
                  | strengthen your wands. [potion of mutation]
 55956 | Slime:4  | Lost mutation: You expend magic power (3 MP) to strengthen
                  | your wands. [potion of mutation]
 55956 | Slime:4  | Gained mutation: You have sharp toenails. [potion of
                  | mutation]
 56130 | Slime:5  | Gained mutation: Armour fits poorly on your strangely
                  | shaped body. [a shining eye]
 56176 | Slime:5  | Reached skill level 22 in Shields
 56350 | Slime:5  | Found a viscous altar of Jiyva.
 56351 | Slime:5  | Noticed the Royal Jelly
 56361 | Slime:5  | Killed the Royal Jelly
 56361 | Slime:5  | Reached XP level 25. HP: 273/273 MP: 32/32
 56380 | Slime:5  | Gained mutation: You are weak. (Str -2) [a shining eye]
 56395 | Slime:5  | Gained mutation: You occasionally shout uncontrollably at
                  | your foes. [a shining eye]
 56432 | Slime:5  | Received a gift from Trog
 56461 | Slime:5  | Lost mutation: You occasionally shout uncontrollably at
                  | your foes. [potion of mutation]
 56461 | Slime:5  | Lost mutation: Armour fits poorly on your strangely shaped
                  | body. [potion of mutation]
 56461 | Slime:5  | Lost mutation: You are dopey. (Int -2) [potion of mutation]
 56461 | Slime:5  | Gained mutation: Your spells are a little harder to cast,
                  | but a little more powerful. [potion of mutation]
 56461 | Slime:5  | Gained mutation: You are clumsy. (Dex -2) [potion of
                  | mutation]
 56461 | Slime:5  | Gained mutation: Your spells are harder to cast, but more
                  | powerful. [potion of mutation]
 56570 | Slime:5  | Got a slimy rune of Zot
 57169 | Zot:1    | Entered Level 1 of the Realm of Zot
 58781 | Zot:2    | Received a gift from Trog
 61525 | Zot:4    | Received a gift from Trog
 61580 | Zot:4    | Noticed an orb of fire
 61587 | Zot:4    | Gained mutation: Armour fits poorly on your strangely
                  | shaped body. [an orb of fire]
 61588 | Zot:4    | Gained mutation: Your magical capacity is low. (-10% MP)
                  | [an orb of fire]
 61598 | Zot:4    | Gained mutation: Your magical capacity is very low. (-20%
                  | MP) [an orb of fire]
 61599 | Zot:4    | Gained mutation: You are dopey. (Int -2) [an orb of fire]
 61604 | Zot:4    | Killed an orb of fire
 61604 | Zot:4    | Gained mutation: You frequently emit foul miasma when
                  | damaged in melee. [demonic ancestry]
 61604 | Zot:4    | Reached XP level 26. HP: 283/283 MP: 25/25
 62081 | Zot:5    | Entered Level 5 of the Realm of Zot
 62342 | Zot:5    | Found Zegadd's Changing Room.
 62624 | Zot:5    | Upgraded the game from 0.24-a0-736-g4e6fe308c7 to
                  | 0.24-a0-762-gca426f56c8
 62957 | Zot:5    | Noticed an ancient lich
 63047 | Zot:5    | Killed an ancient lich
 63435 | Zot:5    | Noticed an orb of fire
 63472 | Zot:5    | Gained mutation: You are very weak. (Str -4) [an orb of
                  | fire]
 63476 | Zot:5    | Gained mutation: Your body sometimes deteriorates upon
                  | taking damage. [an orb of fire]
 63477 | Zot:5    | Killed an orb of fire
 64303 | Zot:5    | Noticed an orb of fire
 64324 | Zot:5    | Gained mutation: You are very clumsy. (Dex -4) [an orb of
                  | fire]
 64625 | Zot:5    | Lost mutation: You have sharp toenails. [potion of
                  | mutation]
 64625 | Zot:5    | Lost mutation: Your body sometimes deteriorates upon taking
                  | damage. [potion of mutation]
 64625 | Zot:5    | Lost mutation: Your magical capacity is very low. (-20% MP)
                  | [potion of mutation]
 64625 | Zot:5    | Lost mutation: You are very clumsy. (Dex -4) [potion of
                  | mutation]
 64625 | Zot:5    | Lost mutation: You are dopey. (Int -2) [potion of mutation]
 64626 | Zot:5    | Lost mutation: Armour fits poorly on your strangely shaped
                  | body. [potion of mutation]
 64626 | Zot:5    | Lost mutation: You are very weak. (Str -4) [potion of
                  | mutation]
 64626 | Zot:5    | Lost mutation: Your magical capacity is low. (-10% MP)
                  | [potion of mutation]
 64626 | Zot:5    | Lost mutation: You are weak. (Str -2) [potion of mutation]
 64626 | Zot:5    | Gained mutation: You expend magic power (3 MP) to
                  | strengthen your wands. [potion of mutation]
 64626 | Zot:5    | Gained mutation: You are dopey. (Int -2) [potion of
                  | mutation]
 64626 | Zot:5    | Lost mutation: You are clumsy. (Dex -2) [potion of
                  | mutation]
 64626 | Zot:5    | Gained mutation: You are somewhat resistant to further
                  | mutation. [potion of mutation]
 64706 | Zot:5    | Received a gift from Trog
 65233 | Zot:5    | Gained mutation: Armour fits poorly on your strangely
                  | shaped body. [an orb of fire]
 65256 | Zot:5    | Killed an orb of fire
 65256 | Zot:5    | Reached XP level 27. HP: 291/291 MP: 32/32
 66095 | Vaults:5 | Entered Level 5 of the Vaults
 66657 | Vaults:4 | Received a gift from Trog
 66960 | Vaults:5 | Reached skill level 23 in Shields
 67176 | Vaults:5 | Identified the Incunabulum of Poisoning
 67179 | Vaults:5 | Got a silver rune of Zot
 67366 | Vaults:5 | Received a gift from Trog
 67406 | Vaults:5 | Identified the ring "Zeutza" {rElec rPois rF+ Int+4}
 67835 | Vaults:5 | Reached skill level 24 in Shields
 67873 | Vaults:5 | Noticed Margery
 67882 | Vaults:5 | Identified the +6 morningstar of the Rattle-Snake {crush,
                  | Dex+4}
 67900 | Vaults:5 | Killed Margery
 67979 | Vaults:5 | Received a gift from Trog
 68587 | Vaults:5 | Identified the +6 hunting sling of Resumed Hostilities
                  | {venom, rPois rF+ rC- rN+}
 68614 | Vaults:5 | Noticed an ancient lich
 68616 | Vaults:5 | Noticed an ancient lich
 68623 | Vaults:5 | Paralysed by an ancient lich for 2 turns
 68634 | Vaults:5 | Killed an ancient lich
 68657 | Vaults:5 | Killed an ancient lich
 68657 | Vaults:5 | Reached skill level 25 in Shields
 68736 | Vaults:5 | Got a blackened flail
 68740 | Vaults:5 | Identified the +5 flail of the Whelk {crush, rPois Int+2
                  | SInv Stlth-} (You found it on level 5 of the Vaults)
 69234 | Zot:5    | Lost mutation: You are dopey. (Int -2) [potion of mutation]
 69234 | Zot:5    | Lost mutation: Armour fits poorly on your strangely shaped
                  | body. [potion of mutation]
 69234 | Zot:5    | Gained mutation: Your spells are much harder to cast, but
                  | much more powerful. [potion of mutation]
 69234 | Zot:5    | Gained mutation: You possess an exceptional clarity of
                  | mind. [potion of mutation]
 69305 | Zot:5    | Got the Orb of Zot
 69414 | Zot:3    | Noticed Laungoc the pandemonium lord
 69447 | Zot:2    | Noticed Giacuergh the pandemonium lord
 69487 | Depths:5 | Noticed Xisaogad the pandemonium lord
 69580 | Depths:2 | Noticed Ullyeg the pandemonium lord
 69798 | D:12     | Noticed a seraph
 69854 | D:11     | Received a gift from Trog
 69994 | D:5      | Noticed an ancient lich
 69995 | D:5      | Noticed Daefieps the pandemonium lord
 70108 | D:2      | Noticed Ehuwkeoll the pandemonium lord
 70150 | D:$      | Escaped with the Orb!

Levels and vault maps discovered:
D:1:      grunt_arrival_crossed_arrows, layout_rooms
D:2:      layout_basic, kiku_gazebo_pond_becter,
          gammafunk_temple_overflow_arena, uniq_sigmund
D:3:      layout_basic, overflow_temple_1_default, uniq_ijyb, uniq_terence
D:4:      layout_loops_ring, first_ration, lemuel_tele_altar
D:5:      layout_loops_corners, minmay_temple_entry_grid, serial_shops,
          shop_statue, uniq_grinder, uniq_eustachio, uniq_edmund
D:6:      layout_basic, bloody_trog, nicolae_overflow_crystal_walls,
          chequers_serial_rivers_room_b
D:7:      layout_loops_ring, amethyst_overflow_temple_binary
D:8:      lemuel_slime, layout_basic,
          nicolae_gozag_cash_rules_everything_around_me, okawaru_gym_becter,
          nrook_campfire
D:9:      layout_roguey, hiddenorc2_lemuel, kennysheep_generic_room_9,
          uniq_maurice
D:10:     layout_long_grid, erik_lair_dragon, uniq_erica
D:11:     layout_cave_pools
D:12:     layout_irregular_city, uniq_kirke
D:13:     layout_irregular_city, enter_bailey_3, grunt_ogre_cave,
          lemuel_centaur_altar
D:14:     layout_basic, lightli_vaults_fourway_checkpoint, nicolae_benzene_ring,
          ebering_ghost_gozag, kennysheep_nub, chequers_serial_rivers_micro_b
D:15:     hangedman_depths_entry_try_elsewhere_first, layout_loops_corners,
          hangedman_abyss_or_decor_stagger
Lair:1:   layout_chaotic_city, lemuel_fruit_fields
Lair:2:   layout_regular_city, minmay_snake_entry_guardpost_small,
          grunt_megastairs_5
Lair:3:   layout_chaotic_city, minmay_shoals_entry_hut,
          nicolae_volcano_entry_two_sided
Lair:4:   layout_hall_layers, grunt_megastairs_2
Lair:5:   layout_roguey, fungi_pond_lemuel, infiniplex_staircase_pool,
          grunt_megastairs_3
Lair:6:   due_jungle_book, layout_misc_corridors, slime_altar_2,
          chequers_serial_rivers_micro_d, kennysheep_rathole,
          minmay_lair_oklob_chamber
Shoals:1: layout_shoals
Shoals:2: layout_shoals
Shoals:3: layout_shoals, hangedman_shoals_cup_caves
Shoals:4: shoals_end_grunt_ice, layout_shoals
Snake:1:  layout_grid_shapes, serial_shops, shop, shop, serial_bayou_crossing,
          uniq_roxanne
Snake:2:  nicolae_cobra_stairs, layout_gridlike
Snake:3:  layout_misc_corridors
Snake:4:  snake_pit_salamanders_mu, layout_cave_town, serial_bayou_shore_b
Slime:1:  layout_caves
Slime:2:  layout_caves, nicolae_slime_phagocytosis
Slime:3:  layout_caves, cheibrodos_slime_lost_civilization_5
Slime:4:  layout_caves
Slime:5
Orc:1:    layout_caves, minmay_orc_temple_a, uniq_harold
Orc:2:    grunt_orc_community_town_hall, layout_diamond_mine,
          grunt_orc_community_big_house_2, grunt_orc_community_big_house_2,
          grunt_orc_community_house_1, grunt_orc_community_house_3,
          grunt_orc_community_house_3, grunt_orc_community_house_2,
          serial_shops, shop
Elf:1:    layout_rooms, minmay_elf_necromancy, chequers_big_river, drop_trap,
          serial_sigils_hangedman_stare, uniq_aizul
Elf:2:    layout_geoelf_octagon, uniq_saint_roka, uniq_louise
Elf:3:    elf_hall, layout_loops_cross, serial_shops, shop,
          nicolae_shop_behind_doors, mu_enter_wizlab_3, enter_trove_2
Vaults:1: v_pattern_5, nicolae_vaults_inception_scallops,
          hangedman_vaults_stagger, ontoclasm_vaults_ring_small,
          nicolae_vaults_network_square, grunt_vaults_hallway_long,
          hangedman_vaults_trim, vaults_mumra_hexcomb, vaults_room_door_ring,
          nicolae_vaults_network_quinsquares
          [nicolae_vaults_network_quincunx_subvault,
          nicolae_vaults_network_quincunx_subvault,
          nicolae_vaults_network_quincunx_subvault,
          nicolae_vaults_network_quincunx_subvault], layout_vaults_omnicross,
          serial_shops, nicolae_shop_crystal, shop_fountains,
          nicolae_shop_window_shopping, nicolae_shop_waterfront,
          nicolae_shop_crystal
Vaults:2: nicolae_vaults_diagonal_hallway_6, minmay_crypt_entry_necro_gods,
          vaults_room_corners, vaults_mumra_bighexcomb, hangedman_vaults_corner,
          hangedman_vaults_maws, hangedman_vaults_capsules, vaults_dpeg_cross,
          dpeg_vaults_monster_row, layout_vaults_quadrants
Vaults:3: hangedman_vaults_variations, v_misc_14, v_rooms_5, v_misc_28,
          v_misc_15, st_smaller_cells, nicolae_vaults_specimen_jars,
          vaults_mumra_minichess_inversion, ontoclasm_vaults_gateway, v_misc_10,
          ontoclasm_vaults_spin, layout_vaults_maze_snakey, serial_shops,
          bzr_entry_gold, uniq_xtahua
Vaults:4: vaults_room_semicircle, nicolae_vaults_asterisk,
          hangedman_vaults_unwind, hangedman_vaults_trim, nicolae_vaults_big_ls,
          nicolae_vaults_border_crossing, ontoclasm_vaults_ring_large,
          nicolae_vaults_little_squares_4, v_rooms_2,
          nicolae_vaults_c_with_doors, vaults_dpeg_spiral,
          layout_vaults_chaotic_city, serial_shops, shop, uniq_donald
Vaults:5: uniq_margery
Depths:1: layout_gridville, grunt_hell_entry_dis_mu,
          minmay_misc_feat_secret_circle, st_stairs_7, minmay_swirly_circle
Depths:2: kennysheep_gozag_temple, layout_basic, chequers_serial_rivers_small_3,
          muffindrake_ghost_dual_entry, hell_entry
Depths:3: evilmike_makhleb_hellhole, layout_cave_pools,
          grunt_pan_entry_in_and_out, hangedman_geh_valley,
          minmay_misc_feat_alley, serial_shops, kennysheep_mini_moat,
          grunt_ministairs_6, infiniplex_staircase_spiral_double
Depths:4: four-leaf_vault, layout_gridville, hangedman_decor_slide_cut,
          abyss_entry, hell_entry, minmay_microvault, firewood_loft,
          serial_bayou_shore_a, infiniplex_staircase_star, serial_bayou_shore_b
Depths:5: lemuel_castle_with_subvaults [lemuel_castle_interior_carwin_3],
          layout_cave_pools, enter_ziggurat_f, serial_sigils,
          serial_sigils_hangedman_shear, serial_sigils_hangedman_clutch,
          serial_sigils_hangedman_gnaw, serial_sigils_hangedman_gut,
          chequers_serial_rivers_room_a, hell_entry
Zot:1:    layout_gridlike
Zot:2:    layout_misc_corridors
Zot:3:    layout_misc_corridors, hangedman_zot_decor_unnerving_road
Zot:4:    layout_onion
Zot:5:    layout_twisted_circle, nicolae_transmutations_shop, st_stairs_10

Skill      XL: |  1  2  3  4  5  6  7  8  9 10 11 12 13 14 15 16 17 18 19 20 21 22 23 24 25 26 27 |
---------------+----------------------------------------------------------------------------------+-----
Maces & Flails | 3 5 6 7 9 11 12 13 14 | 14.0
Shields        | 4 8 12 15 17 20 22 25 | 25.0
Fighting       | 5 10 12 15 19 20 | 20.4
Armour         | 5 6 10 12 15 16 17 20 | 20.0
Dodging        | 5 7 10 13 15 19 20 | 20.0
Throwing       | 4 8 10 | 10.0
Evocations     | 4 6 8 11 12 | 12.0
Spellcasting   | 2 |  2.5

Action                   |  1- 3 |  4- 6 |  7- 9 | 10-12 | 13-15 | 16-18 | 19-21 | 22-24 | 25-27 || total
-------------------------+-------+-------+-------+-------+-------+-------+-------+-------+-------++-------
Melee: Mace              |    18 |       |       |     5 |       |       |       |       |       ||    23
       Whip              |   104 |   223 |   603 |   378 |       |       |       |       |       ||  1308
       Headbutt          |    15 |    40 |   149 |   164 |   478 |   509 |   734 |   976 |  1095 ||  4160
       Flail             |       |       |       |    98 |       |       |       |       |       ||    98
       Demon whip        |       |       |       |   318 |  1824 |  1979 |  2346 |  2750 |  3190 || 12407
       Kick              |       |       |       |       |       |       |       |   850 |    49 ||   899
       Peck              |       |       |       |       |       |       |       |    30 |  1043 ||  1073
       Unarmed           |       |       |       |       |       |       |       |       |     6 ||     6
Throw: Javelin           |       |       |       |    15 |     6 |       |     2 |     3 |    39 ||    65
       Stone             |       |       |       |       |       |     4 |       |       |       ||     4
Invok: Berserk           |     1 |     3 |     7 |     9 |     9 |     8 |    13 |     8 |    15 ||    73
       Trog's Hand       |       |     2 |     2 |     3 |     1 |       |     3 |     2 |     5 ||    18
       Brothers in Arms  |       |       |       |       |       |       |       |     3 |       ||     3
Evoke: Wand              |       |       |       |       |       |     2 |       |       |       ||     2
  Use: Scroll            |       |     6 |    18 |    12 |    14 |    19 |     6 |     4 |    11 ||    90
       Potion            |       |     2 |       |     1 |       |     2 |       |     5 |     7 ||    17
 Stab: Sleeping          |       |       |       |     2 |     3 |       |       |       |     5 ||    10
       Distracted        |       |       |       |       |     1 |       |       |       |       ||     1
       Confused          |       |       |       |       |       |       |       |       |     1 ||     1
  Eat: Chunk             |       |     5 |     9 |     8 |    25 |    18 |    34 |    27 |    19 ||   145
       Ration            |       |     1 |     5 |     4 |     8 |     8 |     4 |     5 |    13 ||    48
Armor: Animal skin       |    43 |    47 |       |       |       |       |       |       |       ||    90
       Chain mail        |       |    63 |    41 |       |    21 |       |       |       |       ||   125
       Scale mail        |       |       |   145 |   190 |   171 |       |       |       |       ||   506
       Ring mail         |       |       |       |     1 |       |       |       |       |       ||     1
       Crystal plate arm |       |       |       |       |    82 |   138 |   316 |   477 |   216 ||  1229
       Plate armour      |       |       |       |       |     1 |   112 |       |       |       ||   113
       Fire dragon scale |       |       |       |       |       |       |       |       |   126 ||   126
Dodge: Dodged            |    82 |   151 |   183 |   287 |   533 |   416 |   420 |   811 |  1288 ||  4171
Block: Buckler           |       |       |    14 |   128 |    21 |       |       |       |       ||   163
       Large shield      |       |       |       |       |  1147 |  2042 |  2009 |  2782 |  3143 || 11123
       Reflection        |       |       |       |       |       |   219 |    82 |    54 |       ||   355

Table legend:
 A = Non-vault XP
 B = Vault XP
 C = Vault XP percentage of total XP
 D = Non-vault monster count
 E = Vault monster count
 F = Vault count percentage of total count
                 A         B        C        D         E       F
            +---------+---------+-------+---------+---------+-------
      Total |  876849 |  851444 |  49.3 |    1600 |     923 |  36.6
            +---------+---------+-------+---------+---------+-------
        D:1 |      54 |       0 |   0.0 |      30 |       0 |   0.0
        D:2 |     154 |      53 |  25.6 |      20 |       5 |  20.0
        D:3 |     415 |      76 |  15.5 |      33 |       2 |   5.7
        D:4 |     189 |       0 |   0.0 |       7 |       0 |   0.0
        D:5 |     797 |     614 |  43.5 |      23 |       3 |  11.5
        D:6 |     622 |       0 |   0.0 |      11 |       0 |   0.0
        D:7 |    1388 |       0 |   0.0 |      33 |       0 |   0.0
        D:8 |     716 |     332 |  31.7 |      22 |      17 |  43.6
        D:9 |    4327 |    2210 |  33.8 |      31 |      36 |  53.7
       D:10 |    4640 |    2021 |  30.3 |      28 |       8 |  22.2
       D:11 |    7548 |       0 |   0.0 |      20 |       0 |   0.0
       D:12 |    7322 |    2412 |  24.8 |      44 |       2 |   4.3
       D:13 |    4297 |    1307 |  23.3 |      11 |       9 |  45.0
       D:14 |    9628 |   13349 |  58.1 |      50 |      20 |  28.6
       D:15 |    4702 |    3361 |  41.7 |      21 |       4 |  16.0
     Lair:1 |    3144 |     876 |  21.8 |      13 |       1 |   7.1
     Lair:2 |    8664 |    1185 |  12.0 |      30 |       6 |  16.7
     Lair:3 |    8872 |     262 |   2.9 |      33 |       1 |   2.9
     Lair:4 |    6942 |     109 |   1.5 |      32 |       1 |   3.0
     Lair:5 |    7671 |     137 |   1.8 |      28 |       1 |   3.4
     Lair:6 |   16783 |   11898 |  41.5 |      42 |      22 |  34.4
   Shoals:1 |    6931 |       0 |   0.0 |      14 |       0 |   0.0
   Shoals:2 |    8848 |       0 |   0.0 |      19 |       0 |   0.0
   Shoals:3 |    1109 |       0 |   0.0 |       3 |       0 |   0.0
   Shoals:4 |   15781 |   21728 |  57.9 |      28 |      31 |  52.5
    Snake:1 |   10944 |    1985 |  15.4 |      29 |       1 |   3.3
    Snake:2 |   15814 |   16543 |  51.1 |      28 |      17 |  37.8
    Snake:3 |    6946 |       0 |   0.0 |      16 |       0 |   0.0
    Snake:4 |   26120 |   50814 |  66.0 |      51 |      67 |  56.8
    Slime:1 |   17035 |       0 |   0.0 |      38 |       0 |   0.0
    Slime:2 |   22127 |     265 |   1.2 |      30 |       1 |   3.2
    Slime:3 |   17190 |       0 |   0.0 |      33 |       0 |   0.0
    Slime:4 |   11617 |       0 |   0.0 |      14 |       0 |   0.0
    Slime:5 |   13349 |   29138 |  68.6 |      19 |      13 |  40.6
      Orc:1 |    3426 |     131 |   3.7 |      28 |       6 |  17.6
      Orc:2 |    6267 |    4515 |  41.9 |      41 |      65 |  61.3
      Elf:1 |    5505 |    7103 |  56.3 |      12 |      11 |  47.8
      Elf:2 |   16984 |   10202 |  37.5 |      27 |      13 |  32.5
      Elf:3 |   17901 |   35645 |  66.6 |      31 |      27 |  46.6
   Vaults:1 |   13892 |   21879 |  61.2 |      39 |      29 |  42.6
   Vaults:2 |   22631 |   28189 |  55.5 |      60 |      50 |  45.5
   Vaults:3 |   26293 |   38502 |  59.4 |      44 |      46 |  51.1
   Vaults:4 |   30537 |   90602 |  74.8 |      48 |     104 |  68.4
   Vaults:5 |   28653 |  126610 |  81.5 |      35 |      62 |  63.9
   Depths:1 |   35849 |   21097 |  37.0 |      50 |      18 |  26.5
   Depths:2 |   34969 |   26077 |  42.7 |      41 |      18 |  30.5
   Depths:3 |   52653 |   32284 |  38.0 |      63 |      50 |  44.2
   Depths:4 |   73829 |   39018 |  34.6 |      62 |      21 |  25.3
   Depths:5 |   19691 |   51610 |  72.4 |      14 |      39 |  73.6
      Zot:1 |   49413 |       0 |   0.0 |      27 |       0 |   0.0
      Zot:2 |   57288 |       0 |   0.0 |      36 |       0 |   0.0
      Zot:3 |   27487 |       0 |   0.0 |      14 |       0 |   0.0
      Zot:4 |   30786 |       0 |   0.0 |      16 |       0 |   0.0
      Zot:5 |   50109 |  131049 |  72.3 |      28 |      39 |  58.2
     Bailey |       0 |    1076 | 100.0 |       0 |      17 | 100.0
    Volcano |       0 |    3244 | 100.0 |       0 |       7 | 100.0
     WizLab |       0 |   21936 | 100.0 |       0 |      33 | 100.0
            +---------+---------+-------+---------+---------+-------
